[Event "Hastings Masters"]
[Site "Hastings/UK"]
[Date "2011.01.04"]
[Round "8.1"]
[White "Edouard, Romain"]
[Black "Istratescu, Andrei"]
[Result "1/2-1/2"]
[ECO "D44"]
[WhiteElo "2620"]
[BlackElo "2620"]
[PlyCount "41"]
[EventDate "2011.??.??"]
[TimeControl "40/6000+30:20/3000+30:900+30"]

1. d4 d5 2. c4 c6 3. Nf3 Nf6 4. Nc3 e6 5. Bg5 dxc4 6. e4 b5 7. e5 h6 8. Bh4 g5
9. Nxg5 hxg5 10. Bxg5 Be7 11. exf6 Bxf6 12. Bxf6 Qxf6 13. g3 Na6 14. Bg2 Bb7
15. Nxb5 O-O-O 16. Qa4 cxb5 17. Bxb7+ Kxb7 18. Qxb5+ Ka8 19. Qc6+ Kb8 20. Qb5+
Ka8 21. Qc6+ 1/2-1/2

[Event "Hastings Masters"]
[Site "Hastings/UK"]
[Date "2011.01.04"]
[Round "8.2"]
[White "Howell, David"]
[Black "Gormally, Daniel"]
[Result "1/2-1/2"]
[ECO "B90"]
[WhiteElo "2616"]
[BlackElo "2480"]
[PlyCount "149"]
[EventDate "2011.??.??"]
[TimeControl "40/6000+30:20/3000+30:900+30"]

1. e4 c5 2. Nf3 d6 3. d4 cxd4 4. Nxd4 Nf6 5. Nc3 a6 6. h3 g6 7. g4 Bg7 8. Bg2
O-O 9. O-O Nfd7 10. a4 Nc6 11. Nde2 Rb8 12. Bg5 h6 13. Be3 b5 14. Rb1 b4 15.
Nd5 e6 16. Ndf4 b3 17. Nd3 bxc2 18. Qxc2 Bb7 19. b4 Nce5 20. Nxe5 Nxe5 21. Qb3
Rc8 22. Rbc1 Rxc1 23. Rxc1 Qa8 24. f4 Bxe4 25. Bxe4 Qxe4 26. fxe5 Qf3 27. exd6
Qxe2 28. Bf2 Rd8 29. Rd1 Bc3 30. b5 axb5 31. axb5 Qf3 32. Qc2 Be5 33. Rd3 Qb7
34. Qc5 Bf4 35. b6 Ra8 36. Qd4 Bg5 37. d7 Bd8 38. Kh2 Ra5 39. Qe3 Ra2 40. Rd2
Ra1 41. Kg3 Qh1 42. Qf3 Rg1+ 43. Bxg1 Qxg1+ 44. Qg2 Qxb6 45. Qf2 Qc6 46. Qf3
Qc7+ 47. Kg2 Kg7 48. Qa8 Bh4 49. Qa1+ Kh7 50. Qf1 Kg7 51. Qd3 Qc6+ 52. Qf3 Qc7
53. Qd3 Qc6+ 54. Kh2 Bd8 55. Qd4+ Kh7 56. Qd6 Qf3 57. Qg3 Qc6 58. h4 Qc1 59.
Rf2 Kg8 60. Qb8 Qc7+ 61. Qxc7 Bxc7+ 62. Kg2 Kf8 63. Rc2 Bd8 64. Ra2 Ke7 65. Ra7
Kd6 66. h5 gxh5 67. gxh5 f5 68. Kf3 Bg5 69. Ke2 Bd8 70. Kd3 Bg5 71. Kc4 Bd8 72.
Kb5 Bg5 73. Kc4 Bd8 74. Kb5 Bg5 75. Kc4 1/2-1/2

[Event "Hastings Masters"]
[Site "Hastings/UK"]
[Date "2011.01.04"]
[Round "8.3"]
[White "Anwesh, Upadhyaya"]
[Black "Shyam, Sundar M"]
[Result "1/2-1/2"]
[ECO "A26"]
[WhiteElo "2412"]
[BlackElo "2414"]
[PlyCount "50"]
[EventDate "2011.??.??"]
[TimeControl "40/6000+30:20/3000+30:900+30"]

1. Nf3 Nf6 2. c4 g6 3. g3 Bg7 4. Bg2 O-O 5. O-O d6 6. Nc3 e5 7. d3 Nc6 8. Rb1
a5 9. a3 Nd4 10. Nd2 Re8 11. b4 axb4 12. axb4 c6 13. b5 d5 14. bxc6 bxc6 15.
cxd5 cxd5 16. Nb3 Nxb3 17. Qxb3 Be6 18. Bg5 d4 19. Nd5 Ra5 20. Nxf6+ Bxf6 21.
Bxf6 Qxf6 22. Qb6 Ra2 23. Rb2 Rxb2 24. Qxb2 h5 25. h4 Kg7 1/2-1/2

[Event "Hastings Masters"]
[Site "Hastings/UK"]
[Date "2011.01.04"]
[Round "8.4"]
[White "Griffiths, Ryan Rhys"]
[Black "Sengupta, Deep"]
[Result "0-1"]
[ECO "A13"]
[WhiteElo "2249"]
[BlackElo "2527"]
[PlyCount "82"]
[EventDate "2011.??.??"]
[TimeControl "40/6000+30:20/3000+30:900+30"]

1. c4 e6 2. g3 d5 3. Bg2 c6 4. Nf3 dxc4 5. Na3 Qc7 6. Nxc4 b5 7. Na3 Bb7 8. O-O
Nf6 9. d4 Nbd7 10. Bf4 Qb6 11. Qd3 a6 12. e4 c5 13. d5 c4 14. Qe2 Bc5 15. Nc2
O-O 16. dxe6 fxe6 17. Ne5 Rad8 18. b4 Nxe5 19. Bxe5 Be7 20. Rad1 Kh8 21. Bd4
Qc7 22. f3 a5 23. Qe3 axb4 24. Bh3 e5 25. Bb6 Qc6 26. f4 exf4 27. gxf4 Rd3 28.
Rxd3 cxd3 29. Ne1 Nxe4 30. Bg2 d2 31. Nd3 Rf6 32. Bd4 Rg6 33. Ne5 Rxg2+ 34.
Kxg2 Qc2 35. Ng6+ hxg6 36. Qh3+ Kg8 37. Qe6+ Kh7 38. Qh3+ Kg8 39. Qe6+ Kf8 40.
Bxg7+ Ke8 41. Qxg6+ Kd7 0-1

[Event "Hastings Masters"]
[Site "Hastings/UK"]
[Date "2011.01.04"]
[Round "8.5"]
[White "Arghyadip, Das"]
[Black "Bates, Richard"]
[Result "1-0"]
[ECO "B98"]
[WhiteElo "2476"]
[BlackElo "2382"]
[PlyCount "101"]
[EventDate "2011.??.??"]
[TimeControl "40/6000+30:20/3000+30:900+30"]

1. e4 c5 2. Nf3 d6 3. d4 cxd4 4. Nxd4 Nf6 5. Nc3 a6 6. Bg5 e6 7. f4 Be7 8. Qf3
h6 9. Bh4 Qc7 10. O-O-O Nbd7 11. Qh3 b5 12. a3 Bb7 13. Bd3 O-O-O 14. Bf2 Nc5
15. Rhe1 d5 16. e5 Nfe4 17. Bxe4 dxe4 18. Kb1 g6 19. b4 Na4 20. Nxa4 bxa4 21.
Re3 Kb8 22. Rc3 Qb6 23. Nc6+ Qxc6 24. Rxd8+ Rxd8 25. Rxc6 Bxc6 26. Qe3 Rd7 27.
Qb6+ Bb7 28. Be3 Kc8 29. Qa5 Rd1+ 30. Kb2 Re1 31. Bb6 Rd1 32. Qxa4 Rd7 33. Be3
g5 34. g3 gxf4 35. gxf4 f6 36. Qa5 Rc7 37. Qb6 Rc6 38. Qd4 fxe5 39. fxe5 Rc7
40. c4 h5 41. Kb3 h4 42. h3 Kb8 43. a4 Kc8 44. Qb6 Rc6 45. Qa7 Rc7 46. b5 axb5
47. axb5 Bf8 48. Qb6 Kd7 49. Bf2 Be7 50. Qe3 Ba8 51. Qd2+ 1-0

[Event "Hastings Masters"]
[Site "Hastings/UK"]
[Date "2011.01.04"]
[Round "8.6"]
[White "Prasanna, Rao"]
[Black "Rendle, Thomas"]
[Result "1-0"]
[ECO "C54"]
[WhiteElo "2400"]
[BlackElo "2391"]
[PlyCount "147"]
[EventDate "2011.??.??"]
[TimeControl "40/6000+30:20/3000+30:900+30"]

1. e4 e5 2. Nf3 Nc6 3. Bc4 Bc5 4. c3 Nf6 5. d3 a6 6. O-O Ba7 7. Bb3 d6 8. Be3
O-O 9. Nbd2 Ne7 10. Nh4 Bg4 11. Qe1 Nh5 12. Bd1 Qd7 13. d4 Nf4 14. Bxf4 exf4
15. h3 Bxd1 16. Qxd1 Qb5 17. b3 Qd3 18. Rc1 Rae8 19. Nhf3 Qb5 20. e5 Ng6 21.
exd6 cxd6 22. Nc4 Qd5 23. Qd3 b5 24. Ncd2 Ne5 25. Qc2 Nxf3+ 26. Nxf3 Re6 27. c4
bxc4 28. Qxc4 Qa5 29. Qc7 Bb6 30. Qb7 Bd8 31. Rc6 Qxa2 32. Rxa6 Qc2 33. Ra8 Qc7
34. Qxc7 Bxc7 35. Ra7 Bd8 36. Rc1 Bf6 37. b4 h6 38. b5 Rb8 39. Rb1 d5 40. Rd7
Rd8 41. Ne5 Rb6 42. Rxd8+ Bxd8 43. Rc1 Be7 44. Rc8+ Kh7 45. Nc6 Bf6 46. Rb8
Bxd4 47. Rxb6 Bxb6 48. Ne5 Bc7 49. Nd7 Kg6 50. b6 Bd6 51. b7 Kf5 52. Kf1 f3 53.
g3 Ke4 54. b8=Q Bxb8 55. Nxb8 f5 56. Nd7 f4 57. Nc5+ Kf5 58. g4+ Kg5 59. Ne6+
Kh4 60. Nxg7 Kxh3 61. Nf5 Kxg4 62. Nxh6+ Kg5 63. Nf7+ Kf6 64. Nd6 Ke5 65. Nb5
Ke4 66. Ke1 Kd3 67. Kd1 Ke4 68. Kd2 Kf5 69. Kd3 Kg4 70. Nd4 Kh3 71. Nxf3 Kg2
72. Ke2 Kh3 73. Ne5 Kg2 74. f3 1-0

[Event "Hastings Masters"]
[Site "Hastings/UK"]
[Date "2011.01.04"]
[Round "8.7"]
[White "Kotronias, Vasilios"]
[Black "Ashton, Adam"]
[Result "1/2-1/2"]
[ECO "C83"]
[WhiteElo "2582"]
[BlackElo "2328"]
[PlyCount "136"]
[EventDate "2011.??.??"]
[TimeControl "40/6000+30:20/3000+30:900+30"]

1. e4 e5 2. Nf3 Nc6 3. Bb5 a6 4. Ba4 Nf6 5. O-O Nxe4 6. d4 b5 7. Bb3 d5 8. dxe5
Be6 9. Be3 Be7 10. c3 O-O 11. Nbd2 Qd7 12. Re1 f5 13. exf6 Nxf6 14. a4 b4 15.
a5 bxc3 16. bxc3 Qd6 17. Bf4 Qxf4 18. Rxe6 Bd6 19. Ne4 Kh8 20. Nxf6 Rxf6 21.
Rxf6 Qxf6 22. Bxd5 Rd8 23. Bxc6 Bxh2+ 24. Nxh2 Rxd1+ 25. Rxd1 g6 26. Bf3 Qxc3
27. Ng4 h5 28. Ne3 Qxa5 29. Nd5 Qc5 30. Re1 c6 31. Nf4 a5 32. Nxg6+ Kh7 33. Re6
a4 34. Ne5 Qc1+ 35. Kh2 a3 36. Re7+ Kh6 37. Re6+ Kh7 38. Be4+ Kg7 39. Rg6+ Kf8
40. Rf6+ Ke7 41. Rf7+ Kd6 42. Nd3 Qc3 43. Bf5 c5 44. f4 a2 45. Ne5 c4 46. Ra7
a1=Q 47. Rxa1 Qxa1 48. Nxc4+ Ke7 49. Ne5 Kf6 50. Bh3 h4 51. Nf3 Qc1 52. Nxh4
Qxf4+ 53. g3 Qf2+ 54. Bg2 Kg5 55. Kh3 Qb2 56. Be4 Qh8 57. Bf3 Qc8+ 58. Kh2 Qc2+
59. Kh3 Qh7 60. Kh2 Kf6 61. Kg1 Ke5 62. Ng2 Kd4 63. Kf2 Kd3 64. Nf4+ Kd2 65.
Kg2 Qh6 66. Nh3 Ke1 67. Kh2 Kf1 68. Bg2+ Ke2 1/2-1/2

[Event "Hastings Masters"]
[Site "Hastings/UK"]
[Date "2011.01.04"]
[Round "8.8"]
[White "Hebden, Mark"]
[Black "Radovanovic, Jovica"]
[Result "1/2-1/2"]
[ECO "B14"]
[WhiteElo "2556"]
[BlackElo "2329"]
[PlyCount "103"]
[EventDate "2011.??.??"]
[TimeControl "40/6000+30:20/3000+30:900+30"]

1. d4 d5 2. Nf3 Nf6 3. e3 c5 4. c4 cxd4 5. exd4 g6 6. Nc3 Bg7 7. cxd5 Nxd5 8.
Bc4 Nxc3 9. bxc3 O-O 10. Bf4 Nc6 11. O-O Bg4 12. Re1 Rc8 13. Bb3 Qd7 14. h3
Bxf3 15. Qxf3 Na5 16. Be5 e6 17. h4 h5 18. g4 hxg4 19. Qxg4 Rxc3 20. h5 Nxb3
21. axb3 f6 22. Bg3 gxh5 23. Qxh5 Qxd4 24. Qg6 Qd3 25. Qg4 f5 26. Qg6 f4 27.
Qxe6+ Kh8 28. Qh3+ Qh7 29. Qxh7+ Kxh7 30. Bh2 a6 31. Re7 Rxb3 32. Rd1 Rf6 33.
Rdd7 Rg6+ 34. Kf1 f3 35. Ke1 Rb1+ 36. Kd2 Rb2+ 37. Ke3 Re2+ 38. Kxf3 Rxe7 39.
Rxe7 b5 40. Ke4 Kg8 41. Rb7 Bc3 42. Be5 Bxe5 43. Kxe5 a5 44. f4 Ra6 45. Rxb5 a4
46. Rb2 a3 47. Ra2 Kf7 48. Kd4 Kf6 49. Kc3 Kf5 50. Kb3 Kxf4 51. Rxa3 Rxa3+ 52.
Kxa3 1/2-1/2

[Event "Hastings Masters"]
[Site "Hastings/UK"]
[Date "2011.01.04"]
[Round "8.10"]
[White "Jackson, James P"]
[Black "Swapnil, S Dhopade"]
[Result "0-1"]
[ECO "B12"]
[WhiteElo "2146"]
[BlackElo "2426"]
[PlyCount "94"]
[EventDate "2011.??.??"]
[TimeControl "40/6000+30:20/3000+30:900+30"]

1. e4 c6 2. d4 d5 3. f3 dxe4 4. fxe4 e5 5. Nf3 Bg4 6. Bc4 Nd7 7. O-O Ngf6 8. c3
Bd6 9. Be3 O-O 10. Nbd2 Qc7 11. Qe1 Bh5 12. Qh4 Bg6 13. Rae1 Rae8 14. Bg5 b5
15. Bb3 Nh5 16. Kh1 c5 17. Qh3 exd4 18. cxd4 c4 19. Bc2 Nf4 20. Qg4 f6 21. Bxf4
Bxf4 22. Nb1 f5 23. exf5 Nf6 24. Qh4 Bh5 25. Nc3 Bxf3 26. gxf3 Rxe1 27. Rxe1
Bd2 28. Re5 Bxc3 29. bxc3 Qa5 30. Qe1 Qxa2 31. Be4 Qb2 32. Bd5+ Kh8 33. Re2 Qb3
34. Be6 b4 35. Re3 Qb2 36. d5 b3 37. d6 Qc2 38. Bxc4 b2 39. Ba2 Rd8 40. c4 h5
41. Qb4 Qc1+ 42. Re1 Rxd6 43. Rg1 Qf4 44. Qb7 Rd7 45. Qa8+ Kh7 46. c5 Rd2 47.
Bg8+ Nxg8 0-1

[Event "Hastings Masters"]
[Site "Hastings/UK"]
[Date "2011.01.04"]
[Round "8.11"]
[White "Franklin, Samuel"]
[Black "Ramnath Bhuvanesh, R."]
[Result "0-1"]
[ECO "B33"]
[WhiteElo "1827"]
[BlackElo "2387"]
[PlyCount "110"]
[EventDate "2011.??.??"]
[TimeControl "40/6000+30:20/3000+30:900+30"]

1. e4 c5 2. Nf3 Nc6 3. d4 cxd4 4. Nxd4 Nf6 5. Nc3 e5 6. Ndb5 d6 7. Bg5 a6 8.
Na3 b5 9. Bxf6 gxf6 10. Nd5 Bg7 11. Bd3 Ne7 12. Nxe7 Qxe7 13. O-O O-O 14. Qf3
f5 15. exf5 Bb7 16. Be4 d5 17. Bxd5 e4 18. f6 Bxf6 19. Qg4+ Bg7 20. Bxb7 Qxb7
21. c3 b4 22. Nc2 f5 23. Qf4 bxc3 24. bxc3 Bxc3 25. Rab1 Qf7 26. Rb3 Rac8 27.
Ne3 Qe6 28. Rd1 Be5 29. Qg5+ Kh8 30. Rb7 Qg6 31. Qh4 f4 32. Ng4 Bg7 33. h3 Rf7
34. Rd8+ Rxd8 35. Qxd8+ Rf8 36. Qd5 e3 37. fxe3 f3 38. gxf3 h5 39. Rd7 hxg4 40.
hxg4 Qh6 41. Qe4 Qh3 42. Rd2 Rc8 43. Rc2 Qg3+ 44. Kh1 Rxc2 45. Qe8+ Kh7 46.
Qh5+ Kg8 47. Qe8+ Bf8 48. Qg6+ Kh8 49. Qf6+ Bg7 50. Qd8+ Kh7 51. Qd3+ Kh6 52.
Qxa6+ Kg5 53. Qa5+ Be5 54. Qd8+ Bf6 55. Qg8+ Kh6 0-1

[Event "Hastings Masters"]
[Site "Hastings/UK"]
[Date "2011.01.04"]
[Round "8.12"]
[White "Grant, Alan"]
[Black "Wohl, Aleksandar H"]
[Result "0-1"]
[ECO "E90"]
[WhiteElo "2219"]
[BlackElo "2375"]
[PlyCount "58"]
[EventDate "2011.??.??"]
[TimeControl "40/6000+30:20/3000+30:900+30"]

1. Nf3 Nf6 2. c4 g6 3. Nc3 Bg7 4. d4 d6 5. e4 O-O 6. h3 a6 7. Be3 c6 8. c5 dxc5
9. dxc5 Qa5 10. Nd2 Be6 11. Qa4 Qc7 12. Be2 Nbd7 13. O-O Rfd8 14. Nf3 Nh5 15.
Ng5 Nf4 16. Bc4 Bxc4 17. Qxc4 e6 18. Rfd1 h6 19. Nf3 g5 20. Na4 Ne5 21. Bxf4
Nxf3+ 22. gxf3 Qxf4 23. Kg2 Rd2 24. Rxd2 Qxd2 25. Rc1 Rd8 26. Qc2 Be5 27. Qb1
Qf4 28. Rd1 Qh2+ 29. Kf1 Rd2 0-1

[Event "Hastings Masters"]
[Site "Hastings/UK"]
[Date "2011.01.04"]
[Round "8.13"]
[White "Britton, Richard"]
[Black "Knott, Simon JB"]
[Result "0-1"]
[ECO "C18"]
[WhiteElo "2229"]
[BlackElo "2333"]
[PlyCount "82"]
[EventDate "2011.??.??"]
[TimeControl "40/6000+30:20/3000+30:900+30"]

1. e4 e6 2. d4 d5 3. Nc3 Bb4 4. e5 c5 5. a3 Bxc3+ 6. bxc3 Ne7 7. Qg4 O-O 8. Bd3
Nbc6 9. Bg5 Qa5 10. Ne2 cxd4 11. f4 dxc3 12. O-O Ng6 13. Rf3 f5 14. exf6 e5 15.
f5 e4 16. Rh3 Nge5 17. Qf4 Rf7 18. Rf1 Bxf5 19. Qxf5 g6 20. Qf4 exd3 21. cxd3
d4 22. Bh6 Qc7 23. Bg7 Rxg7 24. fxg7 Qxg7 25. Qe4 Rd8 26. Rh4 b5 27. Rhf4 a5
28. Rf6 Qe7 29. R1f2 Rd6 30. Rxd6 Qxd6 31. Nf4 b4 32. axb4 axb4 33. Nd5 Kg7 34.
Qh4 c2 35. Qg5 b3 36. Nf6 h6 37. Ne8+ Kh7 38. Qf4 Qe7 39. Nf6+ Qxf6 40. Qxf6
c1=Q+ 41. Rf1 b2 0-1

[Event "Hastings Masters"]
[Site "Hastings/UK"]
[Date "2011.01.04"]
[Round "8.14"]
[White "Zhou, Yang Fan"]
[Black "Spence, David"]
[Result "1-0"]
[ECO "C06"]
[WhiteElo "2348"]
[BlackElo "2244"]
[PlyCount "47"]
[EventDate "2011.??.??"]
[TimeControl "40/6000+30:20/3000+30:900+30"]

1. e4 e6 2. d4 d5 3. Nd2 Nf6 4. e5 Nfd7 5. Bd3 c5 6. c3 Nc6 7. Ngf3 g6 {This
fianchetto looks very strange in the French, but is a respectable idea in this
variation. Black aims to blunt the white bishop on d3.} 8. O-O Bg7 9. Re1 cxd4
10. cxd4 O-O 11. Nb3 Nb6 $2 ({But this is the start of a treatment that is too
passive. In this line, Black needs to break with} 11... f6 {in order to
activate his pieces and create pressure on White's centre.}) 12. h4 Bd7 13. Bg5
Qc7 14. Rc1 Rae8 15. h5 Qb8 16. Qd2 Bc8 17. Nc5 {Black has been reduced to
complete passivity, and it is only a matter of time before White infiltrates
decisively on the kingside dark squares.} Qc7 18. Bf6 Bxf6 19. exf6 Qd8 20. Qf4
Nd7 21. Nxd7 Bxd7 22. Ne5 Nxe5 23. dxe5 Kh8 24. Qh6 1-0

[Event "Hastings Masters"]
[Site "Hastings/UK"]
[Date "2011.01.04"]
[Round "8.15"]
[White "Rolvag, Mikael"]
[Black "Eggleston, David"]
[Result "1/2-1/2"]
[ECO "E12"]
[WhiteElo "2179"]
[BlackElo "2309"]
[PlyCount "76"]
[EventDate "2011.??.??"]
[TimeControl "40/6000+30:20/3000+30:900+30"]

1. c4 b6 2. d4 Bb7 3. Nf3 Nf6 4. Nc3 e6 5. a3 g6 6. d5 Bg7 7. e4 O-O 8. Be2
exd5 9. exd5 d6 10. O-O Nbd7 11. Bg5 h6 12. Be3 Ng4 13. Bd4 Nde5 14. h3 Nxf3+
15. Bxf3 Ne5 16. Be2 f5 17. f4 Nd7 18. Bxg7 Kxg7 19. Nb5 Nc5 20. Qd4+ Kh7 21.
Rae1 Rf7 22. b4 Ne4 23. Bd3 a6 24. Nc3 Nxc3 25. Qxc3 Qf8 26. Re3 Re8 27. Rfe1
Rfe7 28. Rxe7+ Rxe7 29. Rxe7+ Qxe7 30. Qd4 Bc8 31. Kf2 Qh4+ 32. g3 Qe7 33. a4
Kg8 34. a5 bxa5 35. bxa5 Qg7 36. Qxg7+ Kxg7 37. Kg1 Kg8 38. Kf2 Kg7 1/2-1/2

[Event "Hastings Masters"]
[Site "Hastings/UK"]
[Date "2011.01.04"]
[Round "8.16"]
[White "Anderson, John"]
[Black "Salov, Sergei"]
[Result "1/2-1/2"]
[ECO "B40"]
[WhiteElo "2208"]
[BlackElo "2271"]
[PlyCount "130"]
[EventDate "2011.??.??"]
[TimeControl "40/6000+30:20/3000+30:900+30"]

1. e4 c5 2. Nf3 e6 3. d3 Nc6 4. c3 d5 5. Qe2 Nge7 6. a3 g6 7. b4 dxe4 8. dxe4
Bg7 9. Bb2 O-O 10. g3 e5 11. Nbd2 h6 12. Rd1 Qc7 13. Bg2 Be6 14. O-O Rad8 15.
Rfe1 cxb4 16. axb4 a5 17. b5 Nb8 18. Bf1 Nd7 19. Ba3 Rfe8 20. Nc4 Nc8 21. Nd6
Nxd6 22. Bxd6 Qxc3 23. Rc1 Qb3 24. Rb1 Qa2 25. Qxa2 Bxa2 26. Ra1 Be6 27. Rxa5
Bg4 28. Kg2 Bf8 29. Bc7 Ra8 30. Rxa8 Rxa8 31. Nxe5 Nxe5 32. Bxe5 Ra3 33. Rc1
Bf3+ 34. Kg1 Ra8 35. Bg2 Bg4 36. h3 Be6 37. Bd4 Rc8 38. Rxc8 Bxc8 39. e5 Ba3
40. f4 h5 41. Kf2 Kf8 42. Ke3 Bb4 43. Bf3 Ke7 44. g4 hxg4 45. Bxg4 Bd7 46. b6
Bxg4 47. hxg4 Ke6 48. Ke4 Be1 49. f5+ gxf5+ 50. gxf5+ Kd7 51. Kd5 Bg3 52. Bc5
Bf4 53. Bd6 Be3 54. Bc7 Bf2 55. Ke4 Be1 56. Kf4 Bd2+ 57. Kg4 Be3 58. Kh5 Ke8
59. Kg4 Kd7 60. Kf3 Bg1 61. Ke4 Bf2 62. Kd5 Bg1 63. Kc4 Kc6 64. Bd8 Kd7 65. Bc7
Be3 1/2-1/2

[Event "Hastings Masters"]
[Site "Hastings/UK"]
[Date "2011.01.04"]
[Round "8.17"]
[White "Kulkarni, Chinmay"]
[Black "Hanssen, Gunnar Berg"]
[Result "1/2-1/2"]
[ECO "E05"]
[WhiteElo "2275"]
[BlackElo "2191"]
[PlyCount "29"]
[EventDate "2011.??.??"]
[TimeControl "40/6000+30:20/3000+30:900+30"]

1. c4 e6 2. Nf3 d5 3. g3 Nf6 4. Bg2 Be7 5. O-O O-O 6. d4 dxc4 7. Qc2 a6 8. a4
Bd7 9. Qxc4 Bc6 10. Bf4 a5 11. Nc3 Na6 12. Rfd1 Nb4 13. Ne5 Bxg2 14. Kxg2 Nfd5
15. Nxd5 1/2-1/2

[Event "Hastings Masters"]
[Site "Hastings/UK"]
[Date "2011.01.04"]
[Round "8.18"]
[White "Sergienko, Vladislav"]
[Black "Kaufeld, Juergen"]
[Result "1/2-1/2"]
[ECO "D23"]
[WhiteElo "2133"]
[BlackElo "2270"]
[PlyCount "53"]
[EventDate "2011.??.??"]
[TimeControl "40/6000+30:20/3000+30:900+30"]

1. c4 c6 2. Nf3 d5 3. d4 Nf6 4. Qc2 dxc4 5. Qxc4 Bg4 6. e3 Nbd7 7. Be2 e6 8.
O-O Be7 9. b3 Rc8 10. Ba3 O-O 11. Bxe7 Qxe7 12. Qa4 e5 13. dxe5 Nxe5 14. Qxa7
Nxf3+ 15. Bxf3 Bxf3 16. gxf3 Qe5 17. Nd2 Rcd8 18. Rad1 Rd5 19. Ne4 Nxe4 20.
fxe4 Qxe4 21. Rxd5 Qg4+ 22. Kh1 Qf3+ 23. Kg1 cxd5 24. Qd4 f5 25. Rd1 Rd8 26.
Rc1 Rd7 27. Rc8+ 1/2-1/2

[Event "Hastings Masters"]
[Site "Hastings/UK"]
[Date "2011.01.04"]
[Round "8.19"]
[White "Rudd, Jack"]
[Black "Sreeves, Clement"]
[Result "1-0"]
[ECO "B50"]
[WhiteElo "2236"]
[BlackElo "2104"]
[PlyCount "91"]
[EventDate "2011.??.??"]
[TimeControl "40/6000+30:20/3000+30:900+30"]

1. e4 c5 2. Nf3 d6 3. Nc3 Nf6 4. e5 dxe5 5. Nxe5 a6 6. g3 Qc7 7. d4 e6 8. Bf4
Bd6 9. Bg2 Nbd7 10. Nxd7 Bxd7 11. Be3 Bc6 12. d5 exd5 13. Nxd5 Nxd5 14. Bxd5
O-O 15. Qf3 Bxd5 16. Qxd5 Rad8 17. Qf3 Rfe8 18. O-O-O Be5 19. Rxd8 Rxd8 20. Rd1
Rxd1+ 21. Qxd1 c4 22. c3 h6 23. Qd5 Kh7 24. h4 g6 25. h5 gxh5 26. Qe4+ Kg7 27.
Qf5 Qd6 28. Qxh5 Qe6 29. Kd1 Bd6 30. Bd4+ Kg8 31. Qf3 Qg6 32. Ke2 Bf8 33. Kf1
b5 34. Qa8 Qd6 35. Kg2 Kh7 36. Qe8 Kg8 37. Kf3 f5 38. Ke3 Qe7+ 39. Qxe7 Bxe7
40. Kf4 Bg5+ 41. Kxf5 Bc1 42. b3 cxb3 43. axb3 a5 44. Ke6 a4 45. bxa4 bxa4 46.
c4 1-0

[Event "Hastings Masters"]
[Site "Hastings/UK"]
[Date "2011.01.04"]
[Round "8.20"]
[White "Furman, Boris"]
[Black "Marusenko, Petr"]
[Result "1/2-1/2"]
[ECO "D36"]
[WhiteElo "2237"]
[BlackElo "2233"]
[PlyCount "23"]
[EventDate "2011.??.??"]
[TimeControl "40/6000+30:20/3000+30:900+30"]

1. d4 d5 2. c4 e6 3. Nc3 Nf6 4. Bg5 Be7 5. e3 O-O 6. cxd5 exd5 7. Bd3 c6 8. Qc2
Nbd7 9. Nf3 Re8 10. O-O Nf8 11. h3 h6 12. Bf4 1/2-1/2

[Event "Hastings Masters"]
[Site "Hastings/UK"]
[Date "2011.01.04"]
[Round "8.21"]
[White "Chkartina, Gerhana"]
[Black "White, Michael"]
[Result "0-1"]
[ECO "E94"]
[WhiteElo "2014"]
[BlackElo "2217"]
[PlyCount "116"]
[EventDate "2011.??.??"]
[TimeControl "40/6000+30:20/3000+30:900+30"]

1. d4 Nf6 2. c4 g6 3. Nc3 Bg7 4. e4 d6 5. Nf3 O-O 6. Be2 Nbd7 7. O-O e5 8. Be3
Re8 9. d5 Nh5 10. Re1 Bf8 11. Nd2 Ng7 12. b4 f5 13. f3 f4 14. Bf2 g5 15. Nb3
Re7 16. c5 Nf6 17. Na5 Ngh5 18. a4 Rg7 19. c6 b6 20. Nb7 Qe8 21. a5 Rb8 22.
axb6 axb6 23. Ra7 g4 24. fxg4 Bxg4 25. Bxg4 Nxg4 26. Qf3 Nhf6 27. Nb5 Nxf2 28.
Kxf2 Qg6 29. Ra3 Kh8 30. Re2 h6 31. Ke1 Nh7 32. Nc3 Qf6 33. Nd1 Ng5 34. Qh5 Be7
35. Nf2 Nf7 36. Nh3 Rbg8 37. Qf3 Rg4 38. Raa2 Kh7 39. Kd1 Qg6 40. Qf1 h5 41.
Qf3 Nh6 42. Na5 Rh4 43. Nc4 Ng4 44. Ng1 Rxh2 45. Nh3 Rh1+ 46. Kc2 b5 47. Na3
Ne3+ 48. Kb3 Rb8 49. Rad2 Rb6 50. Ra2 Bh4 51. Red2 Qg4 52. Qxg4 hxg4 53. Nf2
Rf1 54. Nd3 Rb8 55. Nc2 Nc4 56. Re2 Kg6 57. Nde1 f3 58. gxf3 gxf3 0-1